AoeStats
← 玩印度的哥们硬不起来

Golden Pit

509371086Analyzed
1v1 RM · 5d ago on Sep 26, 2026· 32m 50s· 2 players
Game mode
Random Map
Map size
Tiny (2 player)
Population
200
Speed
Normal
Resources
Standard
Victory
Conquest
Starting age
Dark Age
Ending age
Imperial Age
RankedLock teamsTeams togetherTeam positionsShared explorationLock speedFull tech treeHidden civsTurbo modeCheats
Victory
Defeat
1045
+49
🇺🇸 Varangians · United States
1066
-17
玩印度的哥们硬不起来
7:00 Loom
9:48 Feudal Age
17:56 Wheelbarrow
20:52 Castle Age
19:15 Double-Bit Axe
21:53 Bow Saw
21:48 Horse Collar
25:54 Heavy Plow
28:35 Scale Barding Armor
30:55 Husbandry
32:41 Chain Barding Armor
32:32 Forging
35:31 Imperial Age
Staleness
5:35 Loom
9:22 Feudal Age
9:54 Double-Bit Axe
12:01 Horse Collar
17:09 Wheelbarrow
20:42 Town Watch
23:33 Castle Age
23:34 Forging
23:25 Scale Mail Armor
23:38 Pikeman
24:50 Bow Saw
25:22 Hand Cart
26:56 Gambesons
27:12 Squires
27:52 Iron Casting
28:22 Gold Mining
29:07 Chain Mail Armor
Connection lost

Rejoining the realm…

Still unreachable

The connection could not be restored.

Session expired

The server has moved on; the page needs a fresh start.